 Dungeon Crawl Stone Soup version 0.17-a0-157-g289cc6a (webtiles) character file.

1506 Ngotmuk the Skirmisher (level 8, -9/73 HPs)
             Began as a Minotaur Fighter on Mar 26, 2015.
             Was a Priest of Cheibriados.
             Mangled by a hill giant
             ... wielding a +0 giant club
              (30 damage)
             ... on level 6 of the Dungeon.
             The game lasted 00:11:35 (4717 turns).

Ngotmuk the Skirmisher (Minotaur Fighter)           Turns: 4717, Time: 00:11:36

Health: -9/73      AC: 10    Str: 30    XL:     8   Next: 52%
Magic:  3/3        EV: 13    Int: 12    God:    Cheibriados [***...]
Gold:   202        SH: 12    Dex: 19    Spells: 0 memorised, 7 levels left

rFire  + . .     SeeInvis .     z - +3 flail (protect)
rCold  . . .     Clarity  .     D - +0 leather armour (curse)
rNeg   . . .     SustAb   .     c - +0 shield
rPois  .         Gourm    .     (helmet restricted)
rElec  .         Spirit   .     (no cloak)
rCorr  +         Warding  .     (no gloves)
rMut   .         Stasis   .     k - +0 pair of boots
MR     .....                    l - amulet of resist corrosion
Stlth  +.........               y - ring of protection from fire
                                x - +2 ring of dexterity

@: very slow, not resistant to hostile enchantments, very unstealthy
A: retaliatory headbutt, horns 2, regeneration 1
a: Bend Time, Temporal Distortion, Renounce Religion


You were on level 6 of the Dungeon.
You worshipped Cheibriados.
Cheibriados was most pleased with you.
You were very hungry.

You visited 2 branches of the dungeon, and saw 7 of its levels.
You also visited: Sewer.

You collected 202 gold pieces.

Inventory:

Hand weapons
 z - a +3 flail of protection (weapon)
Armour
 c - a +0 shield (worn)
 h - a +0 chain mail
 k - a +0 pair of boots (worn)
 D - a cursed +0 leather armour (worn)
Jewellery
 l - an amulet of resist corrosion (around neck)
 x - a +2 ring of dexterity (left hand)
 y - a ring of protection from fire (right hand)
Scrolls
 b - 3 scrolls of identify
 i - 2 scrolls of blinking
 o - 3 scrolls of teleportation
 q - a scroll of amnesia
 A - a scroll of fear
Potions
 e - 2 potions of might
 g - 5 potions of curing {unknown}
 n - 2 potions of heal wounds {unknown}
 p - 3 potions of agility {unknown}
 t - a potion of brilliance
 u - a potion of mutation
Comestibles
 a - 5 fruits
 d - 7 bread rations
 f - a chunk of flesh
 v - a meat ration


   Skills:
 + Level 7.0 Fighting
 + Level 6.1 Maces & Flails
 + Level 6.6 Armour
 + Level 4.7 Dodging
 + Level 6.8 Shields


You had 7 spell levels left.
You didn't know any spells.

Dungeon Overview and Level Annotations

Branches:
Dungeon (6/15)             Temple (1/1) D:4

Altars:
Ashenzari
Cheibriados
Dithmenos
Elyvilon
Fedhas
Gozag
Kikubaaqudgha
Makhleb
Nemelex Xobeh
Okawaru
Qazlal
Ru
Sif Muna
Trog
Vehumet
Xom
Yredelemnul
Zin
The Shining One


Innate Abilities, Weirdness & Mutations

You reflexively headbutt those who attack you in melee.
You have a pair of horns on your head.
Your natural rate of healing is unusually fast.


Message History

You kill the gnoll!
The gnoll's corpse disappears in a puff of smoke!
You block the gnoll's attack. The wight barely misses you.
You block the gnoll's attack. The gnoll closely misses you.
You furiously retaliate!
You headbutt the gnoll!
You kill the gnoll!
The gnoll's corpse disappears in a puff of smoke!
The wight barely misses you. You furiously retaliate!
You headbutt the wight. The hill giant misses you.
The gnoll hits you with a halberd.
You closely miss the gnoll. You headbutt the gnoll.
The gnoll is moderately wounded.
You block the wight's attack. You block the hill giant's attack.
The gnoll barely misses you. You furiously retaliate!
You headbutt the gnoll!
You kill the gnoll!
The gnoll's corpse disappears in a puff of smoke!
You block the wight's attack. x2
The hill giant hits you with a giant club!
* * * LOW HITPOINT WARNING * * *
The hill giant hits you with a giant club!!
You die...

............##.######....#
.................####....#
......................)..#
............†..#.##....####
.....(.......†...##.##.......
............#######.###.####
..........[.# #........#
............# #########..#.#
..$.......^.###C@..........#
..............z.#######....#
............###########....######
.................................
...........############.#.#####.
........... .........#.# #.
.........## #########.#####.
..<...... #............ .......##
#............


You could see a hill giant and a wight.

Vanquished Creatures
  Edmund (D:5)
  A sky beast (D:5)
  A water moccasin (D:5)
  An ice beast (D:5)
  A phantom (D:5)
  An ogre (D:4)
  A big kobold (Sewer)
  A water moccasin zombie (D:5)
  3 wights (D:6)
  A crimson imp (D:3)
  A giant frog zombie (D:5)
  3 jellies
  A giant frog skeleton (D:5)
  4 orc priests
  A gnoll shaman (D:6)
  4 hounds
  3 orc wizards
  A hound skeleton (D:6)
  4 river rats
  6 gnolls (D:6)
  8 adders
  3 giant mites
  4 worms
  2 adder zombies (D:5)
  An adder skeleton (D:4)
  5 giant geckos
  6 oozes
  13 orcs
  5 ball pythons (Sewer)
  9 bats
  A bat skeleton (D:5)
  3 bat zombies (D:5)
  3 giant cockroaches
  8 goblins
  9 hobgoblins
  21 kobolds
  A giant cockroach zombie (D:5)
  A giant newt (D:2)
  6 jackals
  A jackal skeleton (D:5)
  A quokka (D:2)
  A quokka skeleton (D:6)
  13 rats
165 creatures vanquished.

Notes
Turn   | Place    | Note
--------------------------------------------------------------
     0 | D:1      | Ngotmuk, the Minotaur Fighter, began the quest for the Orb.
     0 | D:1      | Reached XP level 1. HP: 19/19 MP: 1/1
   322 | D:1      | Reached skill level 4 in Fighting
   322 | D:1      | Reached XP level 2. HP: 16/27 MP: 1/1
   780 | D:2      | Reached skill level 1 in Dodging
   780 | D:2      | Reached XP level 3. HP: 29/33 MP: 2/2
  1399 | D:2      | Reached XP level 4. HP: 40/40 MP: 2/2
  1821 | D:3      | Found a sacrificial altar of Ru.
  1874 | D:3      | Reached XP level 5. HP: 32/47 MP: 2/2
  2265 | D:3      | Reached skill level 5 in Fighting
  2915 | D:4      | Noticed an ogre
  2921 | D:4      | Killed an ogre
  2921 | D:4      | Reached skill level 5 in Shields
  2921 | D:4      | Reached XP level 6. HP: 35/56 MP: 3/3
  2932 | D:4      | Found a staircase to the Ecumenical Temple.
  2943 | Temple   | Entered the Ecumenical Temple
  3031 | Temple   | Became a worshipper of Cheibriados the Contemplative
  3182 | D:5      | Entered Level 5 of the Dungeon
  3209 | D:5      | Reached skill level 5 in Armour
  3267 | D:5      | Reached XP level 7. HP: 20/61 MP: 3/3
  3469 | D:5      | Noticed a water moccasin
  3473 | D:5      | Acquired Cheibriados' first power
  3478 | D:5      | Killed a water moccasin
  3478 | D:5      | Reached skill level 5 in Maces & Flails
  3484 | D:5      | Reached skill level 6 in Fighting
  3816 | D:5      | Reached XP level 8. HP: 45/70 MP: 3/3
  3836 | D:5      | Noticed Edmund
  3855 | D:5      | Killed Edmund
  3998 | D:6      | Noticed a hill giant
  4041 | D:6      | Found a glowing drain.
  4062 | Sewer    | Entered a sewer
  4386 | Sewer    | Acquired Cheibriados' second power
  4637 | D:6      | Gained mutation: Your natural rate of healing is unusually fast. [potion of mutation]
  4637 | D:6      | Gained mutation: You are robust (+10% HP). [potion of mutation]
  4637 | D:6      | Lost mutation: You are robust (+10% HP). [potion of mutation]
  4660 | D:6      | Reached skill level 7 in Fighting
  4717 | D:6      | Mangled by a hill giant

Action                   |  1- 3 |  4- 6 |  7- 9 || total
-------------------------+-------+-------+-------++-------
Melee: Flail             |   105 |   125 |   229 ||   459
  Use: Scroll            |       |       |    10 ||    10
       Potion            |       |       |     6 ||     6
  Eat: Pizza             |     1 |       |       ||     1
       Meat ration       |       |     1 |       ||     1
       Royal jelly       |       |     1 |     1 ||     2
